 Dungeon Crawl Stone Soup version 0.30-a0-722-g3e6e8c874d (webtiles) character file.

Game seed: 7279779282783955555

67 avis the Shooter (level 3, 0/43 HPs)
             Began as a Demigod Hunter on Jan 27, 2023.
             Slain by an orc
             ... wielding a +0 morningstar
              (7 damage)
             ... on level 3 of the Dungeon.
             The game lasted 00:08:30 (1325 turns).

avis the Shooter (Demigod Hunter)                   Turns: 1325, Time: 00:08:31

Health: 0/43       AC: 21    Str: 12    XL:     3   Next: 72%
Magic:  5/5        EV:  2    Int: 11    God:
Gold:   55         SH:  0    Dex: 21    Spells: 2/2 levels left

rFire   . . .      SeeInvis .    a - +0 shortbow
rCold   . . .      Faith    .    (shield currently unavailable)
rNeg    . . .      Spirit   .    (body armour currently unavailable)
rPois   +          Reflect  .    (helmet currently unavailable)
rElec   .          Harm     .    (cloak currently unavailable)
rCorr   .          Rampage  .    (gloves currently unavailable)
Will    .....      NoTele   +    (boots currently unavailable)
Stlth   ++                       (no amulet)
HPRegen 0.27/turn                (no ring)
MPRegen 0.09/turn                (no ring)

@: tree-form
A: stationary, stasis, torment immunity, boosted hp, high MP 1, forlorn, divine
attributes
a: no special abilities


You were on level 3 of the Dungeon.
You were a tree.
You visited 1 branch of the dungeon, and saw 3 of its levels.

You collected 55 gold pieces.

Inventory:

Hand Weapons
 a - a +0 shortbow (weapon)
 b - a +0 short sword
Missiles
 g - 4 poisoned darts
Armour
 c - a +0 leather armour (melded)
 m - a +0 helmet (melded)
Scrolls
 f - a scroll of identify {unknown}
 h - a scroll of enchant armour {unknown}
 l - a scroll of immolation
Potions
 d - a potion of haste {unknown}
 e - a potion of magic {unknown}
 i - a potion of lignification
 j - a potion of curing {unknown}
 k - a potion of mutation {unknown}
 n - a potion of invisibility {unknown}


   Skills:
 * Level 2.0 Fighting
 - Level 4.0 Ranged Weapons
 - Level 3.0 Dodging
 - Level 2.0 Stealth


You had 2 spell levels left.
You didn't know any spells.
Your spell library contained the following spells:

 Spells                   Type           Power      Damage    Failure   Level
 Vhi's Electric Charge    Tloc/Air       0%         N/A       71%         3
 Arcjolt                  Conj/Air       0%         1d10      100%        5
 Maxwell's Capacitive Co  Air            0%         ∞         100%        8


Dungeon Overview and Level Annotations

Branches:
Dungeon (3/15)


Innate Abilities, Weirdness & Mutations

You are a tree.
Your roots penetrate the ground, keeping you stationary.
You cannot be teleported.
You are immune to unholy pain and torment.
Your maximum health is greatly increased.
Your equipment is partially melded.
You have an increased reservoir of magic. (+10% MP)
You shall have no god before yourself.
Your divine heritage dramatically boosts your attributes as you level up.


Message History

It was a potion of lignification.
You turn into a tree.
Your +0 helmet melds into your body.
Your +0 leather armour melds into your body.
Your roots penetrate the ground.
The orc hits you but does no damage.
The orc hits the plant with a +0 morningstar.
The orc hits the plant with a +0 whip.
Fire: a) +0 shortbow
Press: ? - help, Q - select action, (/) - cycle Shift-Dir - straight line, f - orc
Aim: an orc, wielding a +0 dagger (65% to hit)
You shoot an arrow. The arrow barely misses the orc. x2
The orc hits you but does no damage.
The orc hits the plant with a +0 morningstar. x2
Fire: a) +0 shortbow
Press: ? - help, Q - select action, (/) - cycle Shift-Dir - straight line, f/p - orc
Aim: an orc, wielding a +0 dagger (65% to hit)
You shoot an arrow. The arrow hits the orc!
You kill the orc!
A nearby plant withers and dies.
Fire: a) +0 shortbow
Press: ? - help, Q - select action, (/) - cycle Shift-Dir - straight line, f/p - orc
Aim: an orc, wielding a +0 dagger (65% to hit)
You shoot an arrow. The arrow hits the orc!
You kill the orc!
Fire: a) +0 shortbow
Press: ? - help, Q - select action, (/) - cycle Shift-Dir - straight line, f - orc
Aim: an orc, wielding a +0 flail and wearing a +0 ring mail (severely wounded, 69% to hit)
You shoot an arrow. The arrow hits the orc!
You kill the orc!
You hear a bark!
Training target 2.0 for Stealth reached!
Your Stealth skill increases to level 2!
You need to enable at least one skill for training.
Fire: a) +0 shortbow
Press: ? - help, Q - select action, (/) - cycle Shift-Dir - straight line, f - orc
Aim: an orc, wielding a +0 morningstar, wearing a +0 leather armour and quivering boomerangs (65% to hit)
You shoot an arrow. The arrow hits the orc.
The orc is heavily wounded.
You hear a bark!
The orc hits you with a +0 morningstar!
You die...

# .# ####.#
.....##
.......
....###
#####.......
#...♣###.###
#..PPo<....#
#..♣~~.†.#.#
##$~~P...#
#..♣♣~....)
#.# .......#
#. ......[.#
# .###.#.##
## .#..


You could see an orc.

Vanquished Creatures
  An adder (D:2)
  2 worms (D:2)
  A dart slug (D:1)
  4 orcs (D:3)
  3 ball pythons
  A bat (D:2)
  2 endoplasms (D:1)
  A giant cockroach (D:3)
  3 goblins
  4 hobgoblins
  9 jackals
  2 kobolds
  A quokka (D:1)
  3 frilled lizards
  4 rats
41 creatures vanquished.

Vanquished Creatures (others)
  A plant (D:3)
1 creature vanquished.

Grand Total: 42 creatures vanquished

Notes
Turn   | Place    | Note
-------+----------+-------------------------------------------
     0 | D:1      | avis the Demigod Hunter began the quest for the Orb.
     0 | D:1      | Reached XP level 1. HP: 17/17 MP: 3/3
   342 | D:1      | Reached skill level 4 in Ranged Weapons
   346 | D:1      | Reached XP level 2. HP: 24/24 MP: 4/4
   383 | D:1      | You fall into a shaft and drop 1 floor!
   834 | D:1      | Reached XP level 3. HP: 29/29 MP: 5/5
  1140 | D:2      | Reached skill level 1 in Stealth
  1325 | D:3      | Slain by an orc

Illustrated notes

Levels and vault maps discovered:
D:1:      dpeg_arrival_rooms_b, layout_basic
D:2:      layout_rooms, st_stairs_2, minmay_misc_feat_five
D:3:      layout_basic, lemuel_doored_altar, serial_bayou, serial_bayou_pond_d,
          serial_bayou_lagoon_a, serial_bayou_pond_c, serial_bayou_pond_a

Skill      XL: |  1  2  3 |
---------------+----------+-----
Fighting       | 2 |  2.0
Ranged Weapons | 4 |  4.0
Dodging        | 2 3 |  3.0
Stealth        | 2 |  2.0

Action                     || total
---------------------------++-------
   Fire: Shortbow          ||   114
    Use: Potion            ||     1
 Armour: Leather armour    ||    12
         Skin              ||     2
  Dodge: Dodged            ||    41

Table legend: (Time is in decaauts)
 A = Elapsed time spent in this place.
 B = Non-inter-level travel time spent in this place.
 C = Inter-level travel time spent in this place.
 D = Time resting spent in this place.
 E = Time spent auto-exploring this place.
 F = Levels seen in this place.
 G = Mean time per level.
                   A        B        C        D        E       F      G
               +--------+--------+--------+--------+--------+-----+--------+
         Total |   1363 |   1274 |     89 |    165 |    735 |   3 |  454.3 |
       Dungeon |   1363 |   1274 |     89 |    165 |    735 |   3 |  454.3 |
               +--------+--------+--------+--------+--------+-----+--------+

Top non-repeatable levels by time:
     D:1: 794 daAuts
     D:2: 545 daAuts
     D:3: 24 daAuts
